Map: Ever Dream LE

Players

Namshar - Winner!

  • Race: Zerg Zerg
  • League: Grandmaster
  • Spawn Location: 1:00

Cuddlebear

  • Race: Terran Terran
  • League: Master
  • Spawn Location: 7:00

Event: DreamHack SC2 Masters 2020 Fall

VOD

Have the link to the VOD?

Description

Time

  • Played on: Sept. 3, 2020, 4:03 p.m.
  • Length: 3:42

All games in this series

Show
View Real Time Build Order
Export as new Build Order

Namshar Zerg - Winner!

Build Orders: Pool First 

Get SALT Encoding   

  12  0:00  Drone  
  13  0:12  Overlord  
  13  0:17  Drone  
  14  0:30  Drone x2  
  16  0:40  Spawning Pool  
  15  0:44  Drone  
  15  0:48  Drone  
  17  1:07  Hatchery  
  16  1:12  Drone  
  17  1:26  Zergling x4  
  17  1:27  Zergling x2  
  17  1:29  Extractor  
  17  1:31  Queen  
  21  1:38  Overlord  
  21  1:50  Drone  
  22  2:04  Roach Warren  
  22  2:06  Queen  
  23  2:18  Zergling x4  
  23  2:21  Queen  
  27  2:35  Zergling x4  
  28  2:50  Roach  
  29  2:56  Roach  
  30  3:06  Roach x2  
  34  3:13  Overlord  
  31  3:21  Ravager  
  31  3:23  Roach  
  34  3:27  Extractor  
Show
View Real Time Build Order
Export as new Build Order

Cuddlebear Terran 

Build Orders:  

Get SALT Encoding   

  12  0:00  SCV  
  13  0:12  SCV  
  14  0:17  Supply Depot  
  14  0:25  SCV  
  15  0:41  Barracks  
  15  0:51  Barracks  
  15  1:10  Barracks  
  15  1:12  SCV  
  16  1:24  SCV  
  17  1:28  Marine  
  18  1:36  Orbital Command  
  18  1:39  Marine  
  18  1:43  Supply Depot  
  18  1:47  Marine  
  20  1:57  Marine  
  20  1:58  Marine  
  22  2:05  Bunker  
  22  2:07  Marine  
  22  2:12  SCV  
  23  2:16  Marine  
  23  2:22  Marine  
  23  2:25  Marine  
  24  2:34  Marine  
  24  2:40  Marine  
  23  2:46  Marine  
  23  2:50  SCV  
  23  2:51  Supply Depot  
  23  2:52  Marine  
  23  2:58  Marine  
  25  3:04  Marine  
  24  3:07  SCV  
  24  3:10  Marine  
  26  3:14  Supply Depot  
  26  3:16  Marine  
  26  3:21  SCV  
  26  3:22  Marine  
  28  3:32  Refinery  

Tags
 
Add a new tag
Caveats
  • Supply blocks, unpowered buildings, or Contaminate may cause inaccurate times.
  • Supply counts are checked every 10 seconds.